 Dungeon Crawl Stone Soup version 0.30-a0-808-g6e0788376e (webtiles) character file.

Game seed: 15573965390121798533

1621 cforsyth the Covert (level 9, 0/56 HPs)
             Began as a Kobold Brigand on Feb 25, 2023.
             Was an Initiate of Hepliaklqana.
             Slain by Grinder (1 damage)
             ... while paralysed by Grinder
             ... on level 6 of the Dungeon.
             The game lasted 00:07:35 (5553 turns).

cforsyth the Covert (Kobold Brigand)                Turns: 5553, Time: 00:07:35

Health: 0/56       AC: 10    Str:  7 (8)  XL:     9   Next: 17%
Magic:  9/9        EV:  3    Int: 11 (13) God:    Hepliaklqana [......]
Gold:   238        SH:  0    Dex: 19 (20) Spells: 8/8 levels left

rFire   . . .      SeeInvis .    a - +2 dagger
rCold   . . .      Faith    .    (no shield)
rNeg    . . .      Spirit   .    D - +0 swamp dragon scales
rPois   +          Reflect  +    s - +1 hat
rElec   .          Harm     .    c - +0 cloak
rCorr   .          Rampage  .    (no gloves)
Will    .....                    h - +0 pair of boots
Stlth   +++++                    j - amulet of reflection
HPRegen 0.29/turn                (no ring)
MPRegen 0.11/turn                (no ring)

@: paralysed, mighty, hasted
A: small, no large weapons, nightstalker 3
a: Renounce Religion


You were on level 6 of the Dungeon.
You worshipped Hepliaklqana.
Hepliaklqana was noncommittal.
You visited 2 branches of the dungeon, and saw 7 of its levels.

You collected 238 gold pieces.

Inventory:

Hand Weapons
 a - a +2 dagger (weapon)
 y - a +1 short sword of holy wrath
Missiles
 d - 31 poisoned darts (quivered)
 e - 3 curare-tipped darts
Armour
 b - a +0 robe
 c - a +0 cloak (worn)
 h - a +0 pair of boots (worn)
 k - a scarf of repulsion
 s - a +1 hat (worn)
 D - +0 swamp dragon scales (worn)
Jewellery
 j - an amulet of reflection (around neck)
 w - an amulet of the acrobat
Wands
 q - a wand of mindburst (8)
Scrolls
 f - 2 scrolls of vulnerability {unknown}
 i - a scroll of immolation {unknown}
 m - a scroll of teleportation {unknown}
 o - 3 scrolls of identify {unknown}
 p - 3 scrolls of amnesia {unknown}
 t - a scroll of fear {unknown}
 u - a scroll of silence {unknown}
 C - a scroll of poison {unknown}
Potions
 g - 2 potions of degeneration
 n - 2 potions of haste
 r - a potion of brilliance {unknown}
 v - a potion of invisibility {unknown}
 x - a potion of curing {unknown}
 z - 2 potions of lignification {unknown}
 A - a potion of might
 B - a potion of flight {unknown}
 E - a potion of cancellation {unknown}


   Skills:
 + Level 6.3 Fighting
 + Level 7.6 Short Blades
 - Level 2.1 Throwing
 + Level 6.5 Dodging
 + Level 9.5 Stealth


You had 8 spell levels left.
You didn't know any spells.
Your spell library contained the following spells:

 Spells                   Type           Power      Damage    Failure   Level
 Necrotise                Necr           0%         1d4       77%         1
 Sting                    Tmut/Pois      0%         1d3       77%         1
 Poisonous Vapours        Pois/Air       0%         N/A       88%         2
 Vampiric Draining        Necr           0%         2d6       98%         3
 Olgreb's Toxic Radiance  Pois           0%         N/A       100%        4
 Agony                    Necr           0%         N/A       100%        5


Dungeon Overview and Level Annotations

Branches:
Dungeon (6/15)             Temple (1/1) D:5

Altars:
Ashenzari
Dithmenos
Elyvilon
Fedhas
Gozag
Hepliaklqana
Kikubaaqudgha
Makhleb
Nemelex Xobeh
Okawaru
Trog
Uskayaw
Xom
Yredelemnul
Zin

Annotations:
D:5 Pikel
D:6 Grinder


Innate Abilities, Weirdness & Mutations

You are small and have problems with some larger weapons.
You are completely attuned to the shadows.


Message History

The steam dragon breathes steam at you. The ball of steam hits you!!
* * * LOW HITPOINT WARNING * * *
You block Grinder's attack.
You hit the steam dragon but do no damage.
The steam dragon is lightly wounded.
It was a potion of might.
You feel very mighty all of a sudden.
The steam dragon bites you but does no damage.
The steam dragon claws you but does no damage.
You hit the steam dragon.
The steam dragon is moderately wounded.
You barely miss the steam dragon.
The steam dragon is moderately wounded.
You block the steam dragon's attack. The steam dragon closely misses you.
Grinder hits you but does no damage.
Unknown command.
You closely miss the steam dragon.
The steam dragon is moderately wounded.
You hit the steam dragon.
The steam dragon is moderately wounded.
The steam dragon bites you but does no damage.
The steam dragon closely misses you.
Grinder blinks!
You puncture the steam dragon! You punch the steam dragon!
The steam dragon is almost dead.
You barely miss the steam dragon.
The steam dragon is almost dead.
You puncture the steam dragon!
You kill the steam dragon!
Grinder gestures at you. You resist with some effort. Grinder gestures at you.
You suddenly lose the ability to move!
A gnoll comes into view. It is wielding a +0 club.
Grinder hits you.
* * * LOW HITPOINT WARNING * * *
Grinder hits you.
* * * LOW HITPOINT WARNING * * *
You writhe in agony.
You die...

..§. #......
....##..§...
.......§§.§...
.......###)...
#..#...# ##..
##......##### .
##.).........#
#............#
##.g..@.......#
.....5........#
................
...............#
...............#
##..............#
#...............#
#...............#
#...............


You could see Grinder and a gnoll.

Vanquished Creatures
  Maggie (D:6)
  Prince Ribbit (D:5)
  Sigmund (D:3)
  Eustachio (D:5)
  A steam dragon (D:6)
  An ogre (D:4)
  A centaur (D:6)
  4 lemures
  A phantom (D:4)
  2 scorpions (D:5)
  4 hounds
  2 iguanas
  5 orc wizards
  Ijyb (D:5)
  A gnoll (D:2)
  3 adders
  3 worms
  A dart slug (D:1)
  12 orcs
  4 bats
  6 endoplasms
  2 giant cockroaches
  7 goblins
  4 hobgoblins
  3 jackals (D:2)
  3 quokkas
  6 ball pythons
  4 frilled lizards
  9 kobolds
  3 rats (D:2)
97 creatures vanquished.

Vanquished Creatures (others)
  An orc (D:4)
1 creature vanquished.

Grand Total: 98 creatures vanquished

Notes
Turn   | Place    | Note
-------+----------+-------------------------------------------
     0 | D:1      | cforsyth the Kobold Brigand began the quest for the Orb.
     0 | D:1      | Reached XP level 1. HP: 12/12 MP: 1/1
     2 | D:1      | Noticed a draconian
     2 | D:1      | Noticed a gargoyle
     4 | D:1      | Noticed a formicid
     6 | D:1      | Noticed an armataur
     6 | D:1      | Noticed a merfolk
     8 | D:1      | Noticed a demigod
     8 | D:1      | Noticed a felid
    10 | D:1      | Noticed a spriggan
    10 | D:1      | Noticed a meteoran
    13 | D:1      | Noticed a troll
    13 | D:1      | Noticed a naga
    15 | D:1      | Noticed an elf
    15 | D:1      | Noticed an octopode
    17 | D:1      | Noticed a ghoul
    17 | D:1      | Noticed a vampire
    19 | D:1      | Noticed a demonspawn
    21 | D:1      | Noticed a tengu
    23 | D:1      | Noticed a minotaur
    23 | D:1      | Noticed a human
    25 | D:1      | Noticed an ogre
    27 | D:1      | Noticed a human
    27 | D:1      | Noticed a troll
   197 | D:1      | Found a faded altar of an unknown god.
   372 | D:1      | Reached XP level 2. HP: 18/18 MP: 2/2
  1068 | D:2      | Reached XP level 3. HP: 22/22 MP: 3/3
  1260 | D:2      | Found a basalt altar of Yredelemnul.
  1577 | D:3      | Noticed Sigmund
  1581 | D:3      | Killed Sigmund
  1582 | D:3      | Reached skill level 6 in Stealth
  1582 | D:3      | Reached XP level 4. HP: 28/28 MP: 4/4
  1582 | D:3      | Reached XP level 5. HP: 32/32 MP: 5/5
  1582 | D:3      | Reached XP level 6. HP: 37/37 MP: 6/6
  2336 | D:4      | Reached skill level 7 in Stealth
  2590 | D:4      | Noticed an ogre
  2594 | D:4      | Killed an ogre
  2595 | D:4      | Reached skill level 5 in Short Blades
  2595 | D:4      | Reached XP level 7. HP: 43/43 MP: 7/7
  3321 | D:5      | Entered Level 5 of the Dungeon
  3336 | D:5      | Noticed Eustachio
  3338 | D:5      | Killed Eustachio
  3339 | D:5      | Reached skill level 8 in Stealth
  3339 | D:5      | Reached XP level 8. HP: 48/48 MP: 8/8
  3347 | D:5      | Reached skill level 5 in Fighting
  3350 | D:5      | Reached skill level 5 in Dodging
  3520 | D:5      | Noticed Ijyb
  3546 | D:5      | Killed Ijyb
  3707 | D:5      | Found a staircase to the Ecumenical Temple.
  3742 | Temple   | Entered the Ecumenical Temple
  3774 | Temple   | Became a worshipper of Hepliaklqana the Forgotten
  3992 | D:5      | Noticed Prince Ribbit
  3996 | D:5      | Killed Prince Ribbit
  4390 | D:5      | Noticed Pikel
  5462 | D:6      | Noticed Maggie
  5472 | D:6      | Killed Maggie
  5473 | D:6      | Reached skill level 9 in Stealth
  5473 | D:6      | Reached XP level 9. HP: 55/55 MP: 9/9
  5509 | D:6      | Noticed Grinder
  5551 | D:6      | Paralysed by Grinder for 5 turns
  5553 | D:6      | HP: 1/56 [Grinder (5)]
  5553 | D:6      | Slain by Grinder

Illustrated notes

Levels and vault maps discovered:
D:1:      kb_arrival_jail, layout_basic, hellmonk_ecumenical_altar_leap_of_faith
D:2:      layout_rooms, basic_altar
D:3:      layout_basic, minmay_fractal_squares_diagonal_5, uniq_sigmund
D:4:      layout_gridville, kennysheep_generic_room_16
D:5:      layout_loops_corners, minmay_temple_entry_overgrown, uniq_edmund,
          uniq_pikel, uniq_prince_ribbit1, uniq_ijyb, uniq_eustachio
D:6:      layout_layer_cave, ebering_ghost_sewer_d, kb_rosetta, uniq_grinder,
          uniq_maggie
Temple:   nicolae_temple_bog_church

Skill      XL: |  1  2  3  4  5  6  7  8 |
---------------+-------------------------+-----
Short Blades   | 3 4 5 6 7 |  7.6
Dodging        | 3 4 6 |  6.5
Fighting       | 3 4 6 |  6.3
Stealth        | 6 7 8 9 |  9.5
Throwing       | |  2.1

Action                     |  1- 3 |  4- 6 |  7- 9 || total
---------------------------+-------+-------+-------++-------
  Melee: Dagger            |    64 |    73 |   205 ||   342
         Punch             |       |     1 |     4 ||     5
         Short sword       |       |       |    61 ||    61
    Use: Potion            |       |       |     9 ||     9
   Stab: Sleeping          |    18 |    15 |    14 ||    47
         Distracted        |       |     1 |       ||     1
 Armour: Robe              |     6 |     5 |    33 ||    44
         Swamp dragon scal |       |       |    14 ||    14
  Dodge: Dodged            |    21 |    36 |   108 ||   165
  Block: Other             |     5 |     8 |    50 ||    63

Table legend: (Time is in decaauts)
 A = Elapsed time spent in this place.
 B = Non-inter-level travel time spent in this place.
 C = Inter-level travel time spent in this place.
 D = Time resting spent in this place.
 E = Time spent auto-exploring this place.
 F = Levels seen in this place.
 G = Mean time per level.
                   A        B        C        D        E       F      G
               +--------+--------+--------+--------+--------+-----+--------+
         Total |   5477 |   5381 |     96 |   1011 |   3422 |   7 |  782.4 |
       Dungeon |   5229 |   5157 |     72 |   1011 |   3216 |   6 |  871.5 |
        Temple |    247 |    223 |     24 |      0 |    206 |   1 |  247.0 |
               +--------+--------+--------+--------+--------+-----+--------+

Top non-repeatable levels by time:
     D:4: 2000 daAuts
     D:5: 981 daAuts
     D:1: 968 daAuts
     D:2: 605 daAuts
     D:3: 570 daAuts
  Temple: 247 daAuts
     D:6: 102 daAuts
